 Dungeon Crawl Stone Soup version 0.21.1-1-g345015f (webtiles) character file.

57 inc the Sneak (level 3, -5/14 HPs)
             Began as a Felid Enchanter on Mar 5, 2018.
             Killed by divine providence
             ... invoked by an orc priest
              (12 damage)
             ... on level 2 of the Dungeon.
             The game lasted 00:03:28 (2229 turns).

inc the Sneak (Felid Enchanter)                     Turns: 2229, Time: 00:03:28

Health: -5/14      AC:  3    Str:  4    XL:     3   Next: 73%
Magic:  1/7        EV: 18    Int: 17    God:
Gold:   71         SH:  0    Dex: 16    Spells: 3/6 levels left
                                        Lives:  0   Deaths: 0

rFire    + + .     SeeInvis +     - Unarmed
rCold    . . .     Gourm    .   (shield unavailable)
rNeg     . . .     Faith    .   (armour unavailable)
rPois    .         Spirit   .   (helmet unavailable)
rElec    .         Reflect  .   (cloak unavailable)
rCorr    .         Harm     .   (gloves unavailable)
MR       .....                  (boots unavailable)
Stlth    +++.......             (no amulet)
HPRegen  0.04/turn              e - ring of flight
MPRegen  0.10/turn              (no ring)

@: quick
A: very small, no armour, no weapons or thrown items, stealth, claws 1, fangs 3,
yellow scales 1, see invisible, carnivore, fire resistance 2, speed 1, shaggy
fur 1, slow metabolism 1, sharp paws
a: Evoke Flight


You were on level 2 of the Dungeon.
You were very full.

You visited 1 branch of the dungeon, and saw 2 of its levels.

You collected 71 gold pieces.

Inventory:

Jewellery
 e - a ring of flight (left paw)
Scrolls
 d - 3 scrolls of identify
 f - a scroll of random uselessness {unknown}
 g - a scroll of blinking {unknown}
 i - a scroll of enchant weapon {unknown}
 j - a scroll of teleportation {unknown}
Potions
 c - a potion of mutation
Books
 a - a book of Maledictions

   Spells                             Type                      Level
   a - Corona                         Hexes                        1
   b - Ensorcelled Hibernation        Hexes/Ice                    2
   c - Confuse                        Hexes                        3
   d - Tukima's Dance                 Hexes                        3
   e - Dazzling Spray                 Conjuration/Hexes            3
Comestibles
 b - 2 rations


   Skills:
 - Level 2.6 Dodging
 + Level 5.0 Stealth
 - Level 3.0 Unarmed Combat
 - Level 2.0 Spellcasting
 - Level 4.4 Hexes


You had 3 spell levels left.
You knew the following spells:

 Your Spells              Type           Power        Failure   Level  Hunger
a - Corona                Hex            ###....      3%          1    #......
b - Ensorcelled Hibernat  Hex/Ice        #.....       12%         2    ###....


Dungeon Overview and Level Annotations

Branches:
Dungeon (2/15)

Altars:


Innate Abilities, Weirdness & Mutations

You cannot wear armour.
You are incapable of wielding weapons or throwing items.
Your paws allow you to move quietly. (Stealth)
You have sharp claws.
You have razor-sharp teeth.
You have supernaturally acute eyesight. (SInv)
You are carnivorous and can eat meat at any time.
You cover ground quickly.
You are covered in fur. (AC +1)
You have a slow metabolism.
Your sharp claws are effective at attacking unaware monsters.
You are partially covered in yellow scales. (AC +2)
Your flesh is very heat resistant. (rF++)


Message History

The orc priest resists with some effort.
The orc priest misses you.
Casting: Ensorcelled Hibernation
Confirm with . or Enter, or press ? or * to list all spells.
Aiming: Ensorcelled Hibernation
Press: ? - help, Shift-Dir - straight line, f/p - orc priest
Aim: an orc priest, wielding a hand axe and wearing a ring mail (chance to defeat MR: 40%)
The orc priest resists with some effort.
The orc priest hits you but does no damage.
Casting: Ensorcelled Hibernation
Confirm with . or Enter, or press ? or * to list all spells.
You don't have enough magic to cast that spell.
You feel better.
The orc priest hits you with a hand axe.
The orc priest mumbles some strange prayers to Beogh against you.
Pain shoots through your body!
The orc priest calls down the wrath of Beogh upon you.
Beogh smites you!
Ouch! That really hurt!
You die...

##o#.....#
#.#.♣.♣.#. #.#.....#
#....>..#. #.o###.##
#.#.♣.♣.#. ##o# #.#
#.##...##.
#.###.#####.♣#####♣.
#..##.#...##..†....#
##.##.#....#########
######.##.#......#
####
#......@..'......#
#...
#.####..#.#.)....#
#... #.#
##.#.#......# #...
#.#####...#.[....#
#...
#.........#......#
#...
#######...#......#
#...
#.#.#####'#######.
#.#.# #.# #.)...
#.#.# #.###.####


You could see an orc priest and an orc.

Vanquished Creatures
  3 adders (D:2)
  An ooze (D:1)
  A leopard gecko (D:2)
  An orc (D:1)
  A goblin (D:1)
  3 hobgoblins
  3 jackals (D:1)
  A ball python (D:1)
  A bat (D:2)
  3 frilled lizards
  5 kobolds
  4 rats
27 creatures vanquished.

Notes
Turn   | Place    | Note
-------+----------+-------------------------------------------
     0 | D:1      | inc the Felid Enchanter began the quest for the Orb.
     0 | D:1      | Reached XP level 1. HP: 7/7 MP: 4/4
   667 | D:2      | Reached XP level 2. HP: 6/11 MP: 4/6
   727 | D:2      | Gained mutation: Your flesh is heat resistant. (rF+) [potion of mutation]
   727 | D:2      | Gained mutation: You are partially covered in yellow scales. (AC +2) [potion of mutation]
   727 | D:2      | Gained mutation: Your flesh is very heat resistant. (rF++) [potion of mutation]
  1115 | D:1      | Reached XP level 3. HP: 14/14 MP: 7/7
  1130 | D:1      | Learned a level 2 spell: Ensorcelled Hibernation
  1949 | D:1      | Reached skill level 5 in Stealth
  2229 | D:2      | Killed from afar by an orc priest

Skill      XL: |  1  2  3 |
---------------+----------+-----
Unarmed Combat | 2 3 |  3.0
Stealth        | 5 |  5.0
Dodging        | |  2.6
Spellcasting   | |  2.0
Hexes          | |  4.4

Action                   || total
-------------------------++-------
Melee: Unarmed           ||    69
       Bite              ||     3
 Cast: Corona            ||     8
       Ensorcelled Hiber ||    18
  Use: Potion            ||     4
       Scroll            ||     1
 Stab: Sleeping          ||    14
  Eat: Chunk             ||     9
Armor: Skin              ||     9
Dodge: Dodged            ||    56
